 Dungeon Crawl Stone Soup version 0.24-a0-446-g87df7205b4 (webtiles) character file.

Game seed: 7110662097014795507

3622 pk666 the Thaumaturge (level 9, -5/45 HPs)
             Began as a Deep Elf Wizard on June 24, 2019.
             Was a Believer of Vehumet.
             Shot with an arrow by a centaur (8 damage)
             ... on level 8 of the Dungeon on June 25, 2019.
             The game lasted 00:34:37 (10807 turns).

pk666 the Thaumaturge (Deep Elf Wizard)            Turns: 10807, Time: 00:34:37

Health: -5/45      AC:  5    Str:  4    XL:     9   Next: 87%
Magic:  23/26      EV: 14    Int: 27    God:    Vehumet [**....]
Gold:   403        SH:  0    Dex: 15    Spells: 21/30 levels left

rFire    . . .     SeeInvis .   g - +0 dagger
rCold    . . .     Gourm    .   (no shield)
rNeg     . . .     Faith    +   a - +0 robe
rPois    .         Spirit   .   b - +0 hat
rElec    .         Reflect  .   s - +2 cloak
rCorr    +         Harm     .   (no gloves)
MR       .....                  (no boots)
Stlth    ++........             J - amulet of faith
HPRegen  0.15/turn              e - ring of resist corrosion
MPRegen  0.20/turn              p - +2 ring of dexterity

@: studying Shields
A: no striking features
a: Renounce Religion


You were on level 8 of the Dungeon.
You worshipped Vehumet.
Vehumet was pleased with you.
You were not hungry.

You visited 2 branches of the dungeon, and saw 9 of its levels.

You collected 403 gold pieces.

Inventory:

Hand Weapons
 g - a +0 dagger (weapon)
Armour
 a - a +0 robe (worn)
 b - a +0 hat (worn)
 s - a +2 cloak (worn)
Magical Staves
 r - an uncursed staff of air
 E - an uncursed staff of death
Jewellery
 e - a ring of resist corrosion (left hand)
 p - a +2 ring of dexterity (right hand)
 z - an uncursed amulet of the acrobat
 A - an uncursed amulet of regeneration
 F - an uncursed ring of protection from cold
 J - an amulet of faith (around neck)
Wands
 w - a wand of flame (18)
 x - a wand of digging (11)
 H - a wand of polymorph (7)
Scrolls
 f - 8 scrolls of identify
 m - a scroll of magic mapping {unknown}
 o - 2 scrolls of remove curse
 q - 2 scrolls of blinking {unknown}
 t - 4 scrolls of teleportation {unknown}
 v - a scroll of fog {unknown}
 y - 2 scrolls of amnesia {unknown}
 C - a scroll of immolation {unknown}
Potions
 c - 4 potions of curing
 h - a potion of heal wounds
 i - 4 potions of mutation
 j - a potion of brilliance {unknown}
 k - 2 potions of magic
 l - 2 potions of might
 n - a potion of flight {unknown}
 u - a potion of lignification {unknown}
 B - a potion of resistance {unknown}
 D - 2 potions of haste {unknown}
Books
 G - a manual of Shields
Comestibles
 d - 11 rations


   Skills:
 + Level 4.1 Dodging
 - Level 2.4 Stealth
 + Level 11.1 Spellcasting
 + Level 8.8 Conjurations
   Level 1.1 Summonings
 - Level 1.1 Translocations
 + Level 8.4 Fire Magic
 - Level 2.1 Poison Magic


You had 21 spell levels left.
You knew the following spells:

 Your Spells              Type           Power        Failure   Level  Hunger
a - Magic Dart            Conj           ####         1%          1    None
b - Blink                 Tloc           N/A          3%          2    None
c - Conjure Flame         Conj/Fire      ######..     1%          3    None
d - Mephitic Cloud        Conj/Pois/Air  ####....     2%          3    None

Your spell library contained the following spells:

 Spells                   Type           Power        Failure   Level  Hunger
 Throw Flame              Conj/Fire      ######       1%          2    None
 Call Imp                 Summ           ###.....     3%          2    None
 Slow                     Hex            ###.....     6%          2    None


Dungeon Overview and Level Annotations

Branches:
Dungeon (8/15)             Temple (1/1) D:5
   Lair: D:8-11

Altars:
Ashenzari
Cheibriados
Dithmenos
Elyvilon
Fedhas
Gozag
Hepliaklqana
Kikubaaqudgha
Makhleb
Nemelex Xobeh
Okawaru
Qazlal
Ru
Sif Muna
Trog
Uskayaw
Vehumet
Wu Jian
Xom
Yredelemnul
Zin
The Shining One

Shops:
D:4 }   D:7 =

Annotations:
D:2 exclusion: downstairs
D:7 exclusion: downstairs
D:8 Grum


Message History

The centaur shoots an arrow.
The arrow hits you but does no damage.
You see here an arrow.
The centaur shoots an arrow.
The arrow hits you!
You hear a shout!
You see here an arrow.
Casting: Magic Dart (safe; 1% risk of failure)
Confirm with . or Enter, or press ? or * to list all spells.
Aiming: Conjure Flame (safe; 1% risk of failure)
Press: ? - help, Dir - move target cursor The fire ignites!
You hear a shout!
The centaur shoots an arrow.
The arrow hits you!
Casting: Conjure Flame (safe; 1% risk of failure)
Confirm with . or Enter, or press ? or * to list all spells.
You can't see any susceptible monsters within range! (Use Z to cast anyway.)
You hear the brisk hiss of an avalanche of sand nearby.
The centaur shoots an arrow.
The arrow hits you!
* * * LOW HITPOINT WARNING * * *
The centaur shoots an arrow.
The arrow hits you!
You die...

.>o...... .
#oc...... #ยง# #.#
#(# ### #(#######
..#........
#####.......#
#.#.......#
#.........#.#
..#.......#
#...@.....#.#
..#.......#
#.........#.#
..#.......#
#...........#
..........#
#.........###
..##......#
#.........#
..#.......#
#.........#
.)..#.#####
#####.#####
)##.#.###########.#
.##.#.............#


You could see a centaur and an orc.

Vanquished Creatures
  Pikel (D:7)
  A hippogriff (D:5)
  A spriggan (D:8)
  A yak (D:6)
  Sigmund (D:3)
  A hungry ghost (D:7)
  2 orc warriors
  4 slaves
  A phantom (D:7)
  4 ogres
  3 centaurs
  4 bullfrogs
  A gnoll sergeant (D:6)
  2 scorpions (D:5)
  A howler monkey (D:5)
  4 crimson imps
  3 jellies
  2 orc priests
  A bullfrog skeleton (D:5)
  Crazy Yiuf (D:3)
  3 hounds
  6 orc wizards
  3 iguanas
  Ijyb (D:3)
  3 worker ants
  2 killer bee zombies
  2 hound skeletons (D:5)
  Robin (D:3)
  7 gnolls
  4 adders
  2 oozes (D:2)
  3 adder skeletons
  2 worms
  A dart slug (D:1)
  4 leopard geckos
  24 orcs
  6 bats
  7 giant cockroaches
  9 goblins
  6 hobgoblins
  8 jackals
  A quokka (D:6)
  A ball python (D:1)
  5 frilled lizards
  9 kobolds
  A quokka skeleton (D:4)
  A quokka zombie (D:6)
  9 rats
170 creatures vanquished.

Notes
Turn   | Place    | Note
-------+----------+-------------------------------------------
     0 | D:1      | pk666 the Deep Elf Wizard began the quest for the Orb.
     0 | D:1      | Reached XP level 1. HP: 10/10 MP: 7/7
   321 | D:1      | Reached XP level 2. HP: 15/15 MP: 4/9
  1017 | D:1      | Reached XP level 3. HP: 19/19 MP: 7/11
  1021 | D:1      | Learned a level 2 spell: Blink
  1025 | D:1      | Learned a level 3 spell: Conjure Flame
  1029 | D:1      | Learned a level 3 spell: Mephitic Cloud
  1284 | D:2      | Reached skill level 5 in Spellcasting
  1768 | D:3      | Found an iron altar of Okawaru.
  1945 | D:3      | Noticed Robin
  2192 | D:3      | Reached skill level 1 in Fire Magic
  2192 | D:3      | Reached skill level 1 in Poison Magic
  2281 | D:3      | Reached XP level 4. HP: 4/24 MP: 3/13
  2575 | D:3      | Found a hide-covered altar of Uskayaw.
  2575 | D:3      | Noticed Sigmund
  2989 | D:3      | Killed Robin
  3238 | D:3      | Noticed a centaur
  3269 | D:3      | Killed a centaur
  3269 | D:3      | Reached XP level 5. HP: 24/28 MP: 3/15
  3465 | D:3      | Noticed Ijyb
  3470 | D:3      | Killed Ijyb
  3562 | D:3      | Found a burning altar of Makhleb.
  3568 | D:3      | Found a blossoming altar of Fedhas.
  3706 | D:3      | Found a runed translucent door.
  3707 | D:3      | Noticed Crazy Yiuf
  3715 | D:3      | HP: 1/28 [Crazy Yiuf/+4 quarterstaff of chaos (22)]
  3719 | D:3      | Killed Crazy Yiuf
  3719 | D:3      | Reached skill level 6 in Spellcasting
  4104 | D:3      | Killed Sigmund
  4104 | D:3      | Reached XP level 6. HP: 32/32 MP: 4/17
  4610 | D:4      | Reached skill level 7 in Spellcasting
  4610 | D:4      | Reached XP level 7. HP: 27/36 MP: 6/19
  4697 | D:4      | Found an opulent altar of Gozag.
  5154 | D:4      | Found Civvalap's Gadget Boutique.
  5578 | D:5      | Entered Level 5 of the Dungeon
  5708 | D:5      | Reached skill level 5 in Conjurations
  5718 | D:5      | Found a staircase to the Ecumenical Temple.
  5802 | Temple   | Entered the Ecumenical Temple
  5966 | Temple   | Became a worshipper of Vehumet
  6520 | D:5      | Reached skill level 5 in Fire Magic
  6538 | D:5      | Reached skill level 8 in Spellcasting
  6714 | D:5      | Reached XP level 8. HP: 41/41 MP: 13/22
  7169 | D:6      | Found a deep blue altar of Sif Muna.
  7187 | D:6      | Noticed a hippogriff
  7539 | D:6      | Reached skill level 9 in Spellcasting
  7738 | D:5      | Killed a hippogriff
  7738 | D:5      | Reached * piety under Vehumet
  7738 | D:5      | Offered knowledge of Freeze by Vehumet.
  8099 | D:6      | Reached XP level 9. HP: 25/45 MP: 11/24
  8407 | D:6      | Reached skill level 10 in Spellcasting
  9181 | D:7      | Noticed Pikel
  9617 | D:7      | Found Fono's Jewellery Emporium.
  9781 | D:7      | Found a sacrificial altar of Ru.
 10186 | D:7      | Killed Pikel
 10305 | D:8      | Noticed Grum
 10545 | D:8      | Reached ** piety under Vehumet
 10545 | D:8      | Offered knowledge of Throw Flame by Vehumet.
 10554 | D:7      | Reached skill level 11 in Spellcasting
 10807 | D:8      | Shot with an arrow by a centaur

Levels and vault maps discovered:
D:1:      scummos_arrival_gate, layout_loops_ring
D:2:      layout_basic, first_ration
D:3:      layout_rooms, okawaru_gym_becter, lemuel_round_altar, minitemple,
          uniq_ijyb, uniq_robin, uniq_crazy_yiuf_cottage, uniq_sigmund
D:4:      layout_cave_pods, nicolae_overflow_crystal_walls, serial_shops,
          nicolae_shop_behind_doors, cheibrodos_sewer_entry_bend,
          chequers_serial_rivers_small_3
D:5:      layout_basic, minmay_temple_entry_antechambers, minmay_misc_feat_doors
D:6:      layout_basic, basic_altar, minmay_manual_maat
D:7:      layout_loops_ring, marbit_many_paths, serial_shops, shop, uniq_pikel
D:8:      layout_basic, nicolae_ossuary_entry_ruins, basic_altar, the_bakery,
          uniq_grum
Temple:   eino_temple_scatter_basement

Skill      XL: |  1  2  3  4  5  6  7  8  9 |
---------------+----------------------------+-----
Dodging        | 3 4 |  4.1
Conjurations   | 2 3 4 5 7 8 |  8.8
Spellcasting   | 5 6 7 8 9 11 | 11.1
Fire Magic     | 1 2 3 4 5 6 8 |  8.4
Poison Magic   | 1 2 |  2.1
Stealth        | |  2.4
Summonings     | |  1.1
Translocations | |  1.1

Action                   |  1- 3 |  4- 6 |  7- 9 || total
-------------------------+-------+-------+-------++-------
Melee: Dagger            |       |     2 |    33 ||    35
 Cast: Magic Dart        |   119 |    72 |   420 ||   611
       Conjure Flame     |       |     7 |    30 ||    37
       Mephitic Cloud    |       |     6 |    21 ||    27
       Blink             |       |       |     3 ||     3
  Use: Scroll            |       |       |     6 ||     6
 Stab: Confused          |       |     1 |     1 ||     2
       Sleeping          |       |       |     1 ||     1
  Eat: Chunk             |     4 |     2 |    13 ||    19
       Ration            |       |     1 |     3 ||     4
Armor: Robe              |    10 |     5 |    26 ||    41
Dodge: Dodged            |    30 |    11 |    97 ||   138

Table legend:
 A = Non-vault XP
 B = Vault XP
 C = Vault XP percentage of total XP
 D = Non-vault monster count
 E = Vault monster count
 F = Vault count percentage of total count
                 A         B        C        D         E       F
            +---------+---------+-------+---------+---------+-------
      Total |    3292 |    1883 |  36.4 |     147 |      19 |  11.4
            +---------+---------+-------+---------+---------+-------
        D:1 |      42 |       0 |   0.0 |      24 |       0 |   0.0
        D:2 |      36 |       4 |  10.0 |      15 |       2 |  11.8
        D:3 |     182 |     309 |  62.9 |      16 |       8 |  33.3
        D:4 |     401 |       5 |   1.2 |      12 |       1 |   7.7
        D:5 |     575 |     262 |  31.3 |      22 |       1 |   4.3
        D:6 |     985 |     357 |  26.6 |      25 |       4 |  13.8
        D:7 |     690 |     722 |  51.1 |      17 |       2 |  10.5
        D:8 |     381 |     224 |  37.0 |      16 |       1 |   5.9
            +---------+---------+-------+---------+---------+-------
